 Dungeon Crawl Stone Soup version 0.15.0-14-g6bbbb5c (webtiles) character file.

60 Kashira the Sneak (level 4, 0/36 HPs)
             Began as a Naga Enchanter on Sept 5, 2014.
             Slain by an iguana (4 damage)
             ... on Level 3 of the Dungeon.
             The game lasted 00:07:34 (1759 turns).

Kashira the Sneak (Naga Enchanter)                  Turns: 1759, Time: 00:07:34

HP   0/36        AC  3     Str 12      XL: 4   Next:  4%
MP   8/8         EV 10     Int 15      God:
Gold 99          SH  0     Dex 11      Spells:  2 memorised,  4 levels left

rFire  . . .     SeeInvis +     a - +1 dagger
rCold  . . .     Clarity  .     b - +1 robe
rNeg   . . .     rCorr    .     (no shield)
rPois  +         rRot     .     (no helmet)
rElec  .         Spirit   .     (no cloak)
SustAb .         Warding  .     (no gloves)
rMut   .         Stasis   .     (no barding)
Gourm  .                        (no amulet)
MR     .....                    (no ring)
                                (no ring)

@: very slow, not resistant to hostile enchantments, fairly stealthy
A: spit poison, see invisible, deformed body, poison resistance, slowness 2, AC
+1
a: Spit Poison


You were on level 3 of the Dungeon.
You were hungry.

You visited 1 branch of the dungeon, and saw 3 of its levels.

You collected 99 gold pieces.

Inventory:

Hand weapons
 a - a +1 dagger (weapon)
 l - a +0 mace
 n - a +0 hand axe
 p - a +0 dagger of draining
Armour
 b - a +1 robe (worn)
Comestibles
 d - 6 bread rations
 m - a beef jerky
 v - a royal jelly
 w - a rotting chunk of hobgoblin flesh
Scrolls
 f - a scroll of random uselessness {unknown}
 h - a scroll of blinking {unknown}
 j - a scroll of amnesia {unknown}
 k - a scroll of enchant armour {unknown}
 o - a scroll of remove curse {unknown}
 s - 2 scrolls of recharging {unknown}
Potions
 e - 2 potions of curing
 g - a potion of might {unknown}
 i - a potion of mutation {unknown}
 q - a potion of cancellation {unknown}
 t - 2 potions of heal wounds
 u - a potion of resistance {unknown}
Books
 c - a book of Maledictions

   Spells                             Type                      Level
   *Corona                            Hexes                        1
   Sure Blade                         Hexes/Charms                 2
   Ensorcelled Hibernation            Hexes/Ice                    2
   Confuse                            Hexes                        3
   *Dazzling Spray                    Conjuration/Hexes            3
   Enslavement                        Hexes                        4


   Skills:
 - Level 1.2 Short Blades
 + Level 2.0 Dodging
 - Level 4.6 Stealth
 * Level 2.7 Spellcasting
 + Level 3.7 Hexes


You had 4 spell levels left.
You knew the following spells:

 Your Spells              Type           Power        Failure   Level  Hunger
a - Corona                Hex            ##.....      6%          1    #......
b - Dazzling Spray        Conj/Hex       #.......     30%         3    ###....


Dungeon Overview and Level Annotations

Branches:
Dungeon (3/15)

Altars:


Innate Abilities, Weirdness & Mutations

You cannot wear boots.
You can spit poison.
Your serpentine skin is tough (AC +1).
You have supernaturally acute eyesight.
Armour fits poorly on your strangely shaped body.
Your system is resistant to poisons.
You cover ground very slowly.


Message History

The splash of poison hits the iguana.
The iguana is severely wounded.
You feel slightly more hungry.
The iguana bites you but does no damage.
The iguana bites you but does no damage.
You have got your breath back.
Use which ability? (? or * to list)
Press: ? - help, Shift-Dir - straight line, f/p - iguana
Aim: an iguana (severely wounded)
The splash of poison hits the iguana.
The iguana is almost dead.
You feel slightly more hungry. The iguana bites you.
* * * LOW HITPOINT WARNING * * *
The iguana barely misses you. The iguana barely misses you.
You hit the iguana but do no damage.
The iguana is almost dead.
You have got your breath back.
The iguana bites you.
You die...

. #.#.## #.# .
#.
#....###.###..#
. #.
#.......<.....#
# #.
##...###.###.##
# #. ##.##
##.#. # #. #.#
#.# # #. #.#
#.# #
#.##########.#
#.# ##
#).........l@#
#.########.
###########..#
#........#.
#..##
#..#####.#.
##...#####..#
#.##
#...........#
#...
##.#.########
#### ##.## ###


You could see an iguana.

Vanquished Creatures
  An adder (D:2)
  2 worms (D:2)
  A giant gecko (D:2)
  3 bats
  2 giant cockroaches
  6 goblins
  5 hobgoblins
  5 jackals (D:2)
  5 kobolds (D:2)
  A quokka (D:2)
  A giant newt (D:2)
  4 rats (D:2)
36 creatures vanquished.

Notes
Turn   | Place    | Note
--------------------------------------------------------------
     0 | D:1      | Kashira, the Naga Enchanter, began the quest for the Orb.
     0 | D:1      | Reached XP level 1. HP: 15/15 MP: 3/3
   381 | D:1      | Reached XP level 2. HP: 20/22 MP: 4/4
   962 | D:2      | Reached XP level 3. HP: 28/28 MP: 2/6
   967 | D:2      | Learned a level 3 spell: Dazzling Spray
  1553 | D:3      | Reached XP level 4. HP: 36/36 MP: 8/8
  1759 | D:3      | Slain by an iguana

Action                   |  1- 3 |  4- 6 || total
-------------------------+-------+-------++-------
Melee: Dagger            |    62 |    10 ||    72
 Cast: Corona            |    14 |     2 ||    16
 Abil: Spit Poison       |    43 |     7 ||    50
  Use: Scroll            |       |     2 ||     2
 Stab: Sleeping          |     4 |       ||     4
  Eat: Chunk             |     5 |       ||     5
